FSL
DAYTONA TORTUGAS @ LAKELAND FLYING TIGERS
08/23/2098
 
TOP OF THE 1ST
Daytona Tortugas batting - Pitching for Lakeland Flying Tigers : RHP Roberto Ornelas
Pitching: RHP Roberto Ornelas
Batting: SHB Ruben Rubi 0-0: Called Strike
0-1: Called Strike
0-2: Ball
1-2: Ground out 5-3 (Groundball, 56, EV 108.8 MPH)
Batting: RHB Joe Mills 0-0: Ball
1-0: Ball
2-0: Foul Ball, location: 9LSF
2-1: Swinging Strike
2-2: Foul Ball, location: 7LMFF
2-2: Strikes out swinging
Batting: LHB Gabriel Villa 0-0: Ball
1-0: DOUBLE (Flyball, 8LXD, EV 95.6 MPH)
Batting: RHB Ivan Gallegos 0-0: Ball
1-0: Ball
2-0: Ball
3-0: Base on Balls
Batting: LHB Jordan Segura 0-0: Ball
1-0: Ball
2-0: Foul Ball, location: 23F
2-1: Foul Ball, location: 2F
2-2: Hit by Pitch
Gabriel Villa to third
Ivan Gallegos to second
Batting: RHB Alex Cervantes 0-0: Called Strike
0-1: Ball
1-1: Ball
2-1: Fielders Choice at 2nd, 6-4 (Groundball, 6, EV 87.5 MPH)
Top of the 1st over - 0 runs, 1 hit, 0 errors, 3 left on base; Daytona 0 - Lakeland 0
BOTTOM OF THE 1ST
Lakeland Flying Tigers batting - Pitching for Daytona Tortugas : LHP Ray Steffek
Pitching: LHP Ray Steffek
Batting: RHB Quincy Behan 0-0: Called Strike
0-1: Fly out, F7 (Flyball, 78M, EV 98.1 MPH)
Batting: RHB Ruben Garcia 0-0: Called Strike
0-1: Ball
1-1: Ground out 6-3 (Groundball, 6, EV 76.3 MPH)
Batting: LHB Dusty Ancona 0-0: Foul Ball, location: 9LMF
0-1: Ball
1-1: Called Strike
1-2: Fly out, F8 (Line Drive, 89D, EV 84.4 MPH)
Bottom of the 1st over - 0 runs, 0 hits, 0 errors, 0 left on base; Daytona 0 - Lakeland 0
TOP OF THE 2ND
Daytona Tortugas batting - Pitching for Lakeland Flying Tigers : RHP Roberto Ornelas
Batting: LHB Jose Hernandez 0-0: Hit by Pitch
Batting: RHB Daniel Morales 0-0: Ball
1-0: Swinging Strike
1-1: Ball
2-1: SINGLE (Groundball, 6MD, EV 95.0 MPH)
Jose Hernandez to second
Batting: RHB Frank Castro 0-0: Ball
1-0: Grounds into double play, 5-4-3 (Groundball, 56, EV 75.6 MPH)
Jose Hernandez to third
Batting: SHB Ruben Rubi 0-0: Ball
1-0: Called Strike
1-1: Ball
2-1: Ball
3-1: Fly out, F8 (Flyball, 8RXD, EV 96.3 MPH)
Top of the 2nd over - 0 runs, 1 hit, 0 errors, 1 left on base; Daytona 0 - Lakeland 0
BOTTOM OF THE 2ND
Lakeland Flying Tigers batting - Pitching for Daytona Tortugas : LHP Ray Steffek
Batting: RHB Ed Hochstetler 0-0: Called Strike
0-1: Ball
1-1: Foul Ball, location: 7LSFF
1-2: Strikes out swinging
Batting: RHB Mike Nesseth 0-0: Foul Ball, location: 25F
0-1: Foul Ball, location: 2F
0-2: SOLO HOME RUN (Flyball, 78XD, EV 108.8 MPH), Distance : 425 ft
Batting: LHB Ron Devers 0-0: Ball
1-0: Swinging Strike
1-1: SINGLE (Flyball, 56D, EV 88.8 MPH)
Batting: RHB Joe McFadden 0-0: Ball
1-0: Called Strike
Pickoff Throw to First - Out! 1-3
1-1: Foul Ball, location: 9LDF
1-2: Foul Ball, location: 5F
1-2: Strikes out swinging
Bottom of the 2nd over - 1 run, 2 hits, 0 errors, 0 left on base; Daytona 0 - Lakeland 1
TOP OF THE 3RD
Daytona Tortugas batting - Pitching for Lakeland Flying Tigers : RHP Roberto Ornelas
Batting: RHB Joe Mills 0-0: Ball
1-0: Foul Ball, location: 2F
1-1: Ball
2-1: Ball
3-1: Base on Balls
Batting: LHB Gabriel Villa 0-0: Ball
1-0: Called Strike
1-1: SINGLE (Groundball, 34D, EV 102.5 MPH)
Joe Mills to second
Batting: RHB Ivan Gallegos 0-0: Foul Ball, location: 2F
0-1: Ball
1-1: Ball
2-1: Fly out, F8 (Flyball, 89XD, EV 96.3 MPH)
Runner from 2nd tags up, SAFE at 3rd, no throw by CF
Batting: LHB Jordan Segura 0-0: Ball
1-0: Called Strike
1-1: Fly out, F8 (Line Drive, 78M, EV 93.8 MPH)
Runner from 3rd tags up, SCORES, throw by CF
Batting: RHB Alex Cervantes 0-0: SINGLE (Groundball, 34S, EV 78.8 MPH) (infield hit)
Gabriel Villa to second
Batting: LHB Jose Hernandez 0-0: Swinging Strike
0-1: Ground out 5-3 (Groundball, 56S, EV 60.6 MPH)
Top of the 3rd over - 1 run, 2 hits, 0 errors, 2 left on base; Daytona 1 - Lakeland 1
BOTTOM OF THE 3RD
Lakeland Flying Tigers batting - Pitching for Daytona Tortugas : LHP Ray Steffek
Batting: LHB Alex Pacheco 0-0: Fly out, F8 (Flyball, 8LS, EV 97.5 MPH)
Batting: LHB Mike Giordano 0-0: Called Strike
0-1: SOLO HOME RUN (Flyball, 7LD, EV 93.8 MPH), Distance : 362 ft
Batting: RHB Quincy Behan 0-0: Foul Ball, location: 2F
0-1: Foul Ball, location: 2F
0-2: Ball
1-2: Ball
2-2: Fly out, F7 (Line Drive, 78M, EV 90.6 MPH)
Batting: RHB Ruben Garcia 0-0: Ball
1-0: Ball
2-0: Foul Ball, location: 2F
2-1: Swinging Strike
2-2: Foul Ball, location: 25F
2-2: Foul Ball, location: 9LSF
2-2: Ground out 5-3 (Groundball, 56, EV 101.3 MPH)
Bottom of the 3rd over - 1 run, 1 hit, 0 errors, 0 left on base; Daytona 1 - Lakeland 2
TOP OF THE 4TH
Daytona Tortugas batting - Pitching for Lakeland Flying Tigers : RHP Roberto Ornelas
Batting: RHB Daniel Morales 0-0: Called Strike
0-1: Swinging Strike
0-2: Ball
1-2: Ball
2-2: Foul Ball, location: 25F
2-2: Ball
3-2: Foul Ball, location: 2F
3-2: Strikes out swinging
Batting: RHB Frank Castro 0-0: Hit by Pitch
Batting: SHB Ruben Rubi 0-0: Called Strike
0-1: Foul Ball, location: 5SF
0-2: Ball
1-2: Strikes out swinging
Batting: RHB Joe Mills 0-0: Called Strike
0-1: Ball
1-1: Ball
2-1: Ball
3-1: Base on Balls
Frank Castro to second
Batting: LHB Gabriel Villa 0-0: Ball
1-0: Ball
Wild Pitch!
Frank Castro to third
Joe Mills to second
2-0: Called Strike
2-1: Swinging Strike
2-2: Ball
3-2: Strikes out swinging
Top of the 4th over - 0 runs, 0 hits, 0 errors, 2 left on base; Daytona 1 - Lakeland 2
BOTTOM OF THE 4TH
Lakeland Flying Tigers batting - Pitching for Daytona Tortugas : LHP Ray Steffek
Batting: LHB Dusty Ancona 0-0: Swinging Strike
0-1: Ball
1-1: Called Strike
1-2: Ball
2-2: Ball
3-2: Strikes out looking
Batting: RHB Ed Hochstetler 0-0: Called Strike
0-1: Called Strike
0-2: Ball
1-2: Ground out 5-3 (Groundball, 56S, EV 88.8 MPH)
Batting: RHB Mike Nesseth 0-0: Ball
1-0: Ball
2-0: Ball
3-0: Base on Balls
Batting: LHB Ron Devers 0-0: Called Strike
0-1: Foul Ball, location: 2F
0-2: Ball
1-2: Ground out 4-3 (Groundball, 4, EV 90.6 MPH)
Bottom of the 4th over - 0 runs, 0 hits, 0 errors, 1 left on base; Daytona 1 - Lakeland 2
TOP OF THE 5TH
Daytona Tortugas batting - Pitching for Lakeland Flying Tigers : RHP Roberto Ornelas
Batting: RHB Ivan Gallegos 0-0: Ball
1-0: Foul Ball, location: 2F
1-1: Ball
2-1: Swinging Strike
2-2: Fly out, F9 (Flyball, 9D, EV 100.0 MPH)
Batting: LHB Jordan Segura 0-0: Reached on error, E5 (Groundball, 5L, EV 91.3 MPH)
Batting: RHB Alex Cervantes 0-0: Called Strike
0-1: Ball
1-1: Ball
2-1: Foul Ball, location: 2F
2-2: Strikes out looking
Batting: LHB Jose Hernandez 0-0: Ball
1-0: Ball
2-0: Ball
3-0: Base on Balls
Pitching: RHP Jonathan Williams
Batting: RHB Daniel Morales 0-0: Ball
1-0: Fly out, F7 (Line Drive, 7, EV 86.3 MPH)
Top of the 5th over - 0 runs, 0 hits, 1 error, 2 left on base; Daytona 1 - Lakeland 2
BOTTOM OF THE 5TH
Lakeland Flying Tigers batting - Pitching for Daytona Tortugas : LHP Ray Steffek
Batting: RHB Joe McFadden 0-0: Called Strike
0-1: Fly out, F9 (Flyball, 9LM, EV 89.4 MPH)
Batting: LHB Alex Pacheco 0-0: Bunt missed!
0-1: Ball
1-1: Foul Ball, location: 7LSF
1-2: Ground out U3 (Groundball, 3S, EV 58.1 MPH)
Batting: LHB Mike Giordano 0-0: Called Strike
0-1: Foul Ball, location: 7LDF
0-2: Ball
1-2: Strikes out looking
Bottom of the 5th over - 0 runs, 0 hits, 0 errors, 0 left on base; Daytona 1 - Lakeland 2
TOP OF THE 6TH
Daytona Tortugas batting - Pitching for Lakeland Flying Tigers : RHP Jonathan Williams
Pinch Hitting: LHB Bobby Reicherter 0-0: Called Strike
0-1: Ball
1-1: Swinging Strike
1-2: Foul Ball, location: 25F
1-2: Foul Ball, location: 5SF
1-2: Strikes out swinging
Batting: SHB Ruben Rubi 0-0: Ball
1-0: Called Strike
1-1: Ball
2-1: Foul Ball, location: 2F
2-2: Ball
3-2: Fly out, F9 (Line Drive, 89M, EV 92.5 MPH)
Batting: RHB Joe Mills 0-0: Swinging Strike
0-1: Ball
1-1: Ball
2-1: Ball
3-1: Called Strike
3-2: Fly out, F7 (Line Drive, 7S, EV 93.8 MPH)
Top of the 6th over - 0 runs, 0 hits, 0 errors, 0 left on base; Daytona 1 - Lakeland 2
BOTTOM OF THE 6TH
Lakeland Flying Tigers batting - Pitching for Daytona Tortugas : LHP Ray Steffek
Now at SS: Danny Tavira
Batting: RHB Quincy Behan 0-0: Fly out, F6 (Line Drive, 6MD, EV 69.4 MPH)
Batting: RHB Ruben Garcia 0-0: Ball
1-0: SINGLE (Line Drive, 8LS, EV 108.1 MPH)
Batting: LHB Dusty Ancona 0-0: Ball
1-0: Ball
2-0: Ball
3-0: Called Strike
3-1: Foul Ball, location: 3F
3-2: Fly out, F8 (Flyball, 8RXD, EV 105.6 MPH)
Batting: RHB Ed Hochstetler 0-0: Swinging Strike
0-1: Ball
1-1: Ball
2-1: Foul Ball, location: 23F
2-2: Foul Ball, location: 7LSFF
2-2: SINGLE (Line Drive, 78S, EV 90.6 MPH)
Ruben Garcia to second
Batting: RHB Mike Nesseth 0-0: Ball
1-0: Swinging Strike
1-1: Fly out, F5 (Popup, 25F, EV 83.1 MPH)
Bottom of the 6th over - 0 runs, 2 hits, 0 errors, 2 left on base; Daytona 1 - Lakeland 2
TOP OF THE 7TH
Daytona Tortugas batting - Pitching for Lakeland Flying Tigers : RHP Jonathan Williams
Batting: LHB Gabriel Villa 0-0: Ball
1-0: Fly out, F7 (Flyball, 7, EV 93.1 MPH)
Pinch Hitting: RHB David Clinkscale 0-0: Foul Ball, location: 2F
0-1: Ball
1-1: Ball
2-1: Ball
3-1: Base on Balls
Batting: LHB Jordan Segura 0-0: Called Strike
0-1: Swinging Strike
0-2: Foul Ball, location: 7LMF
0-2: Foul Ball, location: 25F
0-2: Ball
1-2: Ball
2-2: Ball
3-2: Foul Ball, location: 7LSF
3-2: DOUBLE (Flyball, 8LXD, EV 98.1 MPH)
David Clinkscale to third
Pitching: RHP Joey Amaya
Pinch Hitting: LHB Alexis Viramontes 0-0: Called Strike
0-1: Fly out, F8 (Flyball, 8LS, EV 96.9 MPH)
Batting: LHB Jose Hernandez 0-0: Ball
1-0: Called Strike
1-1: Ball
2-1: Fly out, F9 (Flyball, 9, EV 88.8 MPH)
Top of the 7th over - 0 runs, 1 hit, 0 errors, 2 left on base; Daytona 1 - Lakeland 2
BOTTOM OF THE 7TH
Lakeland Flying Tigers batting - Pitching for Daytona Tortugas : LHP Ray Steffek
Now in CF: Jesus Nevarez
Now in RF: Alexis Viramontes
Batting: LHB Ron Devers 0-0: Ball
1-0: Called Strike
1-1: Ball
2-1: SINGLE (Groundball, 4MD, EV 104.4 MPH)
Batting: RHB Joe McFadden 0-0: Ball
1-0: Foul Ball, location: 7LMFF
1-1: Foul Ball, location: 2F
1-2: SINGLE (Line Drive, 6D, EV 96.3 MPH)
Ron Devers to second
Batting: LHB Alex Pacheco 0-0: Grounds into double play, 6-4-3 (Groundball, 6, EV 80.6 MPH)
Ron Devers to third
Batting: LHB Mike Giordano 0-0: Ball
1-0: Called Strike
1-1: Ball
2-1: Ball
3-1: Base on Balls
Batting: RHB Quincy Behan 0-0: Called Strike
0-1: Foul Ball, location: 5F
0-2: Ball
1-2: SINGLE (Line Drive, 9S, EV 110.0 MPH)
Ron Devers scores
Mike Giordano to second
Runner from 2nd tries for 3rd, OUT! 9-5
Bottom of the 7th over - 1 run, 3 hits, 0 errors, 1 left on base; Daytona 1 - Lakeland 3
TOP OF THE 8TH
Daytona Tortugas batting - Pitching for Lakeland Flying Tigers : RHP Joey Amaya
Batting: RHB Daniel Morales 0-0: Called Strike
0-1: Foul Ball, location: 9LSF
0-2: Ball
1-2: Ball
2-2: Strikes out swinging
Batting: RHB Danny Tavira 0-0: Ball
1-0: Ball
2-0: Called Strike
2-1: DOUBLE (Flyball, 8LXD, EV 98.8 MPH)
Batting: SHB Ruben Rubi 0-0: Fly out, F7 (Flyball, 7, EV 85.0 MPH)
Batting: RHB Joe Mills 0-0: Ball
1-0: Called Strike
1-1: Ball
2-1: Ball
3-1: Fly out, F8 (Flyball, 8LD, EV 93.8 MPH)
Top of the 8th over - 0 runs, 1 hit, 0 errors, 1 left on base; Daytona 1 - Lakeland 3
BOTTOM OF THE 8TH
Lakeland Flying Tigers batting - Pitching for Daytona Tortugas : LHP Ray Steffek
Pitching: RHP Dan Averill
Pinch Hitting: LHB Andrew Cassella 0-0: Swinging Strike
0-1: Called Strike
0-2: Strikes out swinging
Batting: LHB Dusty Ancona 0-0: Ball
1-0: Swinging Strike
1-1: Called Strike
1-2: Foul Ball, location: 2F
1-2: Foul Ball, location: 5F
1-2: SINGLE (Groundball, 6, EV 85.6 MPH) (infield hit)
Batting: RHB Ed Hochstetler 0-0: Ball
1-0: Called Strike
1-1: Swinging Strike
1-2: Ball
2-2: Fly out, F3 (Popup, 3S, EV 79.4 MPH)
Batting: RHB Mike Nesseth 0-0: Called Strike
0-1: Swinging Strike
0-2: Ball
1-2: Ball
Dusty Ancona is caught stealing 2nd base 2-4
Bottom of the 8th over - 0 runs, 1 hit, 0 errors, 0 left on base; Daytona 1 - Lakeland 3
TOP OF THE 9TH
Daytona Tortugas batting - Pitching for Lakeland Flying Tigers : RHP Joey Amaya
Now at 1B: Willie Valdez
Batting: LHB Gabriel Villa 0-0: Ball
1-0: Fly out, F7 (Flyball, 7, EV 90.0 MPH)
Pinch Hitting: RHB Alex Salazar 0-0: Called Strike
0-1: Ball
1-1: Called Strike
1-2: Strikes out swinging
Batting: LHB Jordan Segura 0-0: Ball
1-0: Ball
2-0: Foul Ball, location: 7LSF
2-1: Ball
3-1: Called Strike
3-2: Base on Balls
Batting: LHB Alexis Viramontes 0-0: Ball
1-0: Called Strike
1-1: Foul Ball, location: 7LMF
1-2: Ball
2-2: Foul Ball, location: 5FF
2-2: Foul Ball, location: 2F
2-2: Ball
Wild Pitch!
Jordan Segura to second
3-2: Foul Ball, location: 2F
3-2: Base on Balls
Batting: LHB Jose Hernandez 0-0: Called Strike
0-1: Swinging Strike
0-2: SINGLE (Groundball, 23, EV 60.6 MPH) (infield hit)
Jordan Segura to third
Alexis Viramontes to second
Pinch Hitting: RHB Eddie Verduzco 0-0: Foul Ball, location: 2F
0-1: Ball
1-1: Ball
2-1: Ground out 4-3 (Groundball, 4D, EV 100.0 MPH)
Top of the 9th over - 0 runs, 1 hit, 0 errors, 3 left on base; Daytona 1 - Lakeland 3
Saturday, April 13th , 2024 - OOTP Baseball 24.11 Build 85